 Dungeon Crawl Stone Soup version 0.17-a0-1984-g55f5988 (webtiles) character file.

25658 Ordine the Brawler (level 12, -5/124 HPs)
             Began as a Troll Monk on Oct 6, 2015.
             Slain by a yak (12 damage)
             ... on level 6 of the Lair of Beasts.
             The game lasted 00:51:22 (11283 turns).

Ordine the Brawler (Troll Monk)                    Turns: 11283, Time: 00:51:22

Health: -5/124     AC:  8    Str: 22    XL:     12   Next: 91%
Magic:  11/11      EV: 18    Int:  6    God:
Gold:   856        SH:  0    Dex: 20    Spells: 0 memorised, 11 levels left

rFire  . . .     SeeInvis .       - Unarmed
rCold  . . .     Clarity  .     k - +2 robe {rN+}
rNeg   + . .     SustAt   .     (no shield)
rPois  +         Gourm    +     s - +0 hat {MR+}
rElec  .         Spirit   .     I - +0 cloak
rCorr  .         Warding  .     (gloves unavailable)
rMut   .         Stasis   .     (boots unavailable)
MR     +....                    (no amulet)
Stlth  ++........               K - +4 ring of dexterity
                                A - ring of poison resistance

@: somewhat resistant to hostile enchantments, unstealthy
A: unfitting armour, claws 3, fast metabolism 3, gourmand, regeneration 2,
shaggy fur 1, tough skin 2
a: no special abilities


You were on level 6 of the Lair of Beasts.
You were very full.

You visited 3 branches of the dungeon, and saw 18 of its levels.
You also visited: Sewer.

You collected 856 gold pieces.

Inventory:

Hand Weapons
 m - the +8 rapier "Dragonslayer" {venom, *Rage rC+++ Int+3 Dex+4}
   (You found it on level 4 of the Dungeon)

   It poisons the flesh of those it strikes.
   It affects your intelligence (+3).
   It affects your dexterity (+4).
   It renders you almost immune to cold.
   It may make you go berserk in combat.
Armour
 k - a +2 robe of positive energy (worn)
 s - a +0 hat of magic resistance (worn)
 I - a +0 cloak (worn)
Jewellery
 e - an uncursed amulet of stasis
 j - an uncursed ring of flight
 A - a ring of poison resistance (left claw)
 F - the ring "Mamac" {Wiz Int+3 Dex+2}
   (You found it on level 8 of the Dungeon)

   [ring of wizardry]

   It improves your spell success rate.
   It affects your intelligence (+3).
   It affects your dexterity (+2).
 K - a +4 ring of dexterity (right claw)
Wands
 D - a wand of hasting (9)
 G - a wand of lightning (6)
 L - a wand of paralysis (10)
Scrolls
 c - 4 scrolls of fog
 h - a scroll of immolation
 l - 2 scrolls of enchant weapon
 n - 4 scrolls of teleportation
 o - 3 scrolls of enchant armour
 u - a scroll of fear
 x - 2 scrolls of remove curse
 y - 2 scrolls of amnesia
Potions
 a - a potion of agility
 d - a potion of haste
 p - a potion of magic
 r - a potion of cure mutation
 v - 2 potions of brilliance {unknown}
 w - a potion of flight {unknown}
 C - 2 potions of ambrosia {unknown}
 H - 3 potions of curing
 J - 2 potions of poison {unknown}
Books
 i - a book of Geomancy

   Spells                             Type                      Level
   a - Sandblast                      Earth                        1
   b - Stoneskin                      Transmutation/Earth          2
   c - Passwall                       Transmutation/Earth          3
   d - Stone Arrow                    Conjuration/Earth            3
   e - Petrify                        Transmutation/Earth          4
   f - Lee's Rapid Deconstruction     Earth                        5
 E - a book of Unlife

   Spells                             Type                      Level
   a - Recall                         Summoning/Translocation      3
   b - Animate Dead                   Necromancy                   4
   c - Control Undead                 Necromancy                   4
   d - Cigotuvi's Embrace             Necromancy                   5
   e - Death Channel                  Necromancy                   6
   f - Simulacrum                     Ice/Necromancy               6
Miscellaneous
 q - a crystal ball of energy
Comestibles
 b - 8 bread rations
 f - 4 meat rations
 g - 3 royal jellies
 t - 7 chunks of flesh
 z - 3 beef jerkies
 B - 26 fruits


   Skills:
 + Level 9.6 Fighting
 + Level 9.9 Dodging
 - Level 1.1 Stealth
 * Level 15.3 Unarmed Combat


You had 11 spell levels left.
You didn't know any spells.

Dungeon Overview and Level Annotations

Branches:
Dungeon (10/15)            Temple (1/1) D:6            Lair (7/8) D:9
 Spider (0/4) Lair:5          Orc (0/4) D:10
  Swamp: Lair:3-6    Shoals: Lair:3-6     Slime: Lair:6-8

Altars:
Ashenzari
Cheibriados
Dithmenos
Elyvilon
Fedhas
Gozag
Kikubaaqudgha
Makhleb
Nemelex Xobeh
Okawaru
Qazlal
Ru
Sif Muna
Trog
Vehumet
Xom
Yredelemnul
Zin
The Shining One

Shops:
D:4 *


Innate Abilities, Weirdness & Mutations

You are too large for most types of armour.
You have claws for hands.
Your metabolism is lightning-fast.
You like to eat raw meat.
You heal very quickly.
You are covered in fur (AC +1).
You have very tough skin (AC +2).


Message History

Unknown command.
Unknown command.
Unknown command.
Unknown command.
Unknown command.
Unknown command.
Unknown command.
Unknown command.
There is a stone staircase leading up here.
The yak misses you. The komodo dragon barely misses you.
The yak gores the fungus.
You climb upwards.
There is a stone staircase leading down here.
Drink which item? (? for menu, Esc to quit)
You feel better. The yak completely misses you. The komodo dragon bites you!!
* * * LOW HITPOINT WARNING * * *
You scratch the komodo dragon.
The komodo dragon is lightly wounded.
The yak gores you!
You die...

#### #############.#########
##P## ##..##[.#.##P.#.P.P..#P.
....## #..........#P........P..
.....# ##.......................
....## #P...........P...........
....## #P.......................
.....####..........P.............
........#.......Y..+PP......<....
.....##<.......l@..P#............
....##...#..........##...........
....######..........#............
##.## #..........##....(..P...
...# #.........###..#.P.#.P##
...# ##.......P## ##.#P...###
.##### #P..:.....P## ######.P#
+P...# #.P.........# #.#P.P###
.....#####..........### #..PP.P.#


You could see a komodo dragon and a yak.

Vanquished Creatures
  Gastronok (D:9)
  2 hydras
  Erolcha (D:10)
  Sonja (Lair:1)
  Pikel (D:4)
  A hill giant (D:10)
  A centaur zombie (D:10)
  2 black mambas
  5 spiny frogs
  3 komodo dragons
  A troll (D:10)
  A fire drake (Lair:7)
  Grinder (D:4)
  2 wyverns (D:8)
  A redback (Lair:5)
  51 yaks
  Eustachio (D:4)
  5 basilisks
  Grum (D:9)
  3 hippogriffs
  7 wolves
  2 hungry ghosts
  A water moccasin (Lair:5)
  5 orc warriors
  Duvessa (D:7)
  A sky beast (D:9)
  A wasp (D:9)
  A black bear (D:8)
  2 phantoms
  2 ice beasts (D:7)
  A necrophage (D:9)
  4 porcupines
  3 centaurs
  13 crocodiles
  4 ogres
  5 giant frogs
  A big kobold (D:8)
  Dowan (D:7)
  3 scorpions
  5 wights (D:10)
  11 crimson imps
  3 giant frog zombies
  8 orc priests
  A giant frog skeleton (D:5)
  3 jellies
  6 hounds
  A quasit (D:9)
  Terence (D:2)
  10 sheep
  5 worker ants
  10 orc wizards
  7 iguanas
  3 hound zombies
  A worker ant zombie (D:7)
  5 adders
  35 river rats
  A white imp (D:9)
  A shadow imp (D:7)
  4 oozes
  2 adder skeletons
  6 worms
  26 orcs
  2 ball pythons
  8 bats
  8 goblins
  7 hobgoblins
  14 jackals
  6 quokkas
  7 giant cockroaches
  6 giant geckos
  9 giant newts
  6 kobolds
  A quokka skeleton (D:7)
  7 rats
379 creatures vanquished.

Vanquished Creatures (others)
  An adder (D:4)
  A giant cockroach (D:4)
  A ball python (D:4)
  A bush (D:9)
  6 fungi
  5 plants
15 creatures vanquished.

Grand Total: 394 creatures vanquished

Notes
Turn   | Place    | Note
--------------------------------------------------------------
     0 | D:1      | Ordine the Troll Monk began the quest for the Orb.
     0 | D:1      | Reached XP level 1. HP: 22/22 MP: 0/0
   243 | D:1      | Reached XP level 2. HP: 26/29 MP: 1/1
   739 | D:2      | Reached XP level 3. HP: 36/36 MP: 2/2
   822 | D:2      | Found a shattered altar of Ashenzari.
  1002 | D:2      | Noticed Terence
  1017 | D:2      | Killed Terence
  1017 | D:2      | Reached XP level 4. HP: 44/44 MP: 3/3
  1056 | D:2      | Found a shadowy altar of Dithmenos.
  1061 | D:2      | Found a stormy altar of Qazlal.
  1415 | D:3      | Reached skill level 5 in Unarmed Combat
  1435 | D:3      | Found a glowing drain.
  1472 | Sewer    | Entered a sewer
  1527 | Sewer    | Noticed a crocodile
  1537 | Sewer    | Killed a crocodile
  1537 | Sewer    | Reached XP level 5. HP: 53/53 MP: 4/4
  1685 | D:3      | Found a sparkling altar of Nemelex Xobeh.
  1784 | D:3      | Found a glowing golden altar of the Shining One.
  2140 | D:4      | Noticed a slave
  2142 | D:4      | Noticed a slave
  2144 | D:4      | Noticed Pikel
  2144 | D:4      | Noticed a slave
  2146 | D:4      | Noticed a slave
  2168 | D:4      | Killed Pikel
  2168 | D:4      | Reached skill level 6 in Unarmed Combat
  2168 | D:4      | Reached XP level 6. HP: 57/62 MP: 5/5
  2168 | D:4      | Reached XP level 7. HP: 64/70 MP: 6/6
  2260 | D:4      | Reached skill level 7 in Unarmed Combat
  2377 | D:4      | Found Sirergho's Serpentskin Sales.
  2394 | D:4      | Found a basalt altar of Yredelemnul.
  2442 | D:4      | Found a shimmering altar of Xom.
  2443 | D:4      | Found a shimmering altar of Xom.
  2445 | D:4      | Found a shimmering altar of Xom.
  2445 | D:4      | Found a shimmering altar of Xom.
  2448 | D:4      | Found a shimmering altar of Xom.
  2466 | D:4      | Noticed Eustachio
  2522 | D:4      | Killed Eustachio
  2534 | D:4      | Got a crude rapier
  2535 | D:4      | Identified the +8 rapier "Dragonslayer" {venom, *Rage rC+++ Int+3 Dex+4} (You found it on level 4 of the Dungeon)
  2749 | D:4      | Noticed Grinder
  2758 | D:4      | Killed Grinder
  2758 | D:4      | Reached XP level 8. HP: 76/79 MP: 7/7
  2876 | D:5      | Entered Level 5 of the Dungeon
  3091 | D:5      | Found a blossoming altar of Fedhas.
  3106 | D:5      | Reached skill level 8 in Unarmed Combat
  3172 | D:5      | Reached skill level 5 in Dodging
  3381 | D:5      | Reached skill level 5 in Fighting
  3581 | D:6      | Found a staircase to the Ecumenical Temple.
  3612 | Temple   | Entered the Ecumenical Temple
  3931 | D:6      | Found a shimmering altar of Xom.
  4035 | D:7      | Found an ancient bone altar of Kikubaaqudgha.
  4050 | D:7      | Found a burning altar of Makhleb.
  4075 | D:7      | Reached skill level 9 in Unarmed Combat
  4271 | D:7      | Noticed Duvessa
  4273 | D:7      | Noticed Dowan
  4280 | D:7      | Killed Duvessa
  4288 | D:7      | Reached XP level 9. HP: 72/88 MP: 8/8
  4299 | D:7      | Killed Dowan
  5177 | D:7      | Found a deep blue altar of Sif Muna.
  5228 | D:8      | Reached skill level 10 in Unarmed Combat
  5646 | D:8      | Found a sacrificial altar of Ru.
  5760 | D:8      | Got a scorched marble ring
  5762 | D:8      | Identified the ring "Mamac" {Wiz Int+3 Dex+2} (You found it on level 8 of the Dungeon)
  6023 | D:8      | Reached XP level 10. HP: 31/100 MP: 9/9
  6381 | D:8      | Reached skill level 11 in Unarmed Combat
  6500 | D:9      | Noticed Grum
  6582 | D:9      | Reached skill level 12 in Unarmed Combat
  6609 | D:9      | HP: 4/102 [Grum/spear (6)]
  6613 | D:9      | Killed Grum
  6758 | D:9      | Found a staircase to the Lair.
  6780 | D:9      | Noticed Gastronok
  6791 | D:9      | Killed Gastronok
  6791 | D:9      | Reached XP level 11. HP: 79/110 MP: 10/10
  7344 | D:10     | Entered Level 10 of the Dungeon
  7370 | D:10     | Reached skill level 13 in Unarmed Combat
  7552 | D:10     | Found a staircase to the Orcish Mines.
  7627 | D:10     | Noticed a five-headed hydra
  7639 | D:10     | HP: 7/166 [five-headed hydra (8)]
  7640 | D:10     | HP: 2/166 [five-headed hydra (6)]
  7641 | D:10     | Killed a five-headed hydra
  8068 | D:10     | Noticed a hill giant
  8077 | D:10     | Killed a hill giant
  8853 | D:10     | Noticed Erolcha
  8855 | D:10     | Killed Erolcha
  8855 | D:10     | Reached XP level 12. HP: 122/122 MP: 11/11
  8974 | Lair:1   | Entered Level 1 of the Lair of Beasts
  9032 | Lair:1   | Reached skill level 14 in Unarmed Combat
  9811 | Lair:1   | Noticed Sonja
  9830 | Lair:1   | Killed Sonja
 10163 | Lair:5   | Found a hole to the Spider Nest.
 10424 | Lair:6   | Noticed a seven-headed hydra
 10440 | Lair:6   | Killed a seven-headed hydra
 10459 | Lair:6   | Reached skill level 15 in Unarmed Combat
 11282 | Lair:6   | HP: 6/124 [komodo dragon (27)]
 11283 | Lair:6   | Slain by a yak

Vault maps used:
D:1:      dpeg_arrival_prison
D:2:      evilmike_ruin_ashenzari, minitemple, uniq_terence
D:3:      tso_metal_star, portal_sewer_entry_f, nemelex_lonely_heart_becter
D:4:      nicolae_overflow_crystal_walls, xom_redecorated, first_bread,
          guppyfry_shop_venom, uniq_grinder, uniq_pikel, uniq_eustachio
D:5:      fedhas_altar_2
D:6:      minmay_temple_entry_hall, basic_altar
D:7:      bloody_makhleb, lemuel_blue_sif_altar, overflow_temple_1_default,
          uniq_duvessa
D:8:      lemuel_doored_altar, blue_anna_alchemist
D:9:      minmay_lair_entry_grove, minmay_nine_imps, uniq_grum, uniq_gastronok
D:10:     orc_0_dummy, minmay_variable_closet, uniq_erolcha
Temple:   cyrus_temple_forest_13
Lair:1:   fungi_pond_lemuel, uniq_sonja
Lair:3:   serial_bayou, serial_bayou_pond_b, serial_bayou_lagoon_b,
          serial_bayou_pond_a, serial_bayou_lagoon_a, serial_bayou_pond_d,
          grunt_megastairs_2
Lair:4:   elwin_shoals_entry_rocks, grunt_forest_large_clearings, uniq_josephine
Lair:5:   lemuel_reptile_caves, spider_nest_entry_rubble, lab_entry_generic
Lair:6:   patterned_corridor
Lair:7:   kennysheep_rathole, nicolae_slime_entry_slimehenge
Sewer:    sewer_the_crocodile

Action                   |  1- 3 |  4- 6 |  7- 9 | 10-12 || total
-------------------------+-------+-------+-------+-------++-------
Melee: Unarmed           |   106 |   103 |   345 |   647 ||  1201
       Rapier            |       |       |       |    46 ||    46
Evoke: Wand              |       |       |     1 |     2 ||     3
  Use: Scroll            |     4 |     2 |    12 |     6 ||    24
       Potion            |       |       |       |    13 ||    13
 Stab: Sleeping          |     3 |     3 |     7 |     5 ||    18
  Eat: Chunk             |    14 |     6 |    43 |    54 ||   117
       Beef jerky        |       |       |     2 |       ||     2
